| TOP OF THE 1ST |
|
Akron RubberDucks batting - Pitching for Portland Sea Dogs : RHP Jon Mercado
|
|
Pitching: RHP Jon Mercado
|
|
|
Batting: LHB Nick Welling
|
0-0: Ball 1-0: Called Strike 1-1: Swinging Strike 1-2: Ball 2-2: Ground out U3 (Groundball, 3S, EV 86.3 MPH)
|
|
Batting: RHB Hieronim Rutkowski
|
0-0: Called Strike 0-1: Foul Ball, location: 2F 0-2: Ball 1-2: Strikes out swinging
|
|
Batting: RHB Mike Plugge
|
0-0: Ball 1-0: Fly out, F8 (Flyball, 8RM, EV 92.5 MPH)
|
| Top of the 1st over - 0 runs, 0 hits, 0 errors, 0 left on base; Akron 0 - Portland 0 |
| BOTTOM OF THE 1ST |
|
Portland Sea Dogs batting - Pitching for Akron RubberDucks : RHP Josh Holloway
|
|
Pitching: RHP Josh Holloway
|
|
|
Batting: LHB Julian Toney
|
0-0: Ball 1-0: Fly out, F6 (Popup, 15, EV 74.4 MPH)
|
|
Batting: LHB Brent Albertson
|
0-0: Ball 1-0: Called Strike 1-1: Ball 2-1: Bunt missed! 2-2: Ball 3-2: Foul Ball, location: 2F 3-2: Fly out, F6 (Popup, 6S, EV 33.1 MPH)
|
|
Batting: RHB Carlos Nolasco
|
0-0: Ball 1-0: Called Strike 1-1: Ground out 6-3 (Groundball, 6, EV 80.0 MPH)
|
| Bottom of the 1st over - 0 runs, 0 hits, 0 errors, 0 left on base; Akron 0 - Portland 0 |
| TOP OF THE 2ND |
|
Akron RubberDucks batting - Pitching for Portland Sea Dogs : RHP Jon Mercado
|
|
Batting: RHB Greg Harden
|
0-0: Swinging Strike 0-1: Ball 1-1: Ground out 5-3 (Groundball, 56S, EV 80.0 MPH)
|
|
Batting: RHB Harris Leroux
|
0-0: Swinging Strike 0-1: Ground out 6-3 (Groundball, 6S, EV 78.8 MPH)
|
|
Batting: LHB Corey Trevor
|
0-0: Foul Ball, location: 2F 0-1: Foul Ball, location: 2F 0-2: Ball 1-2: Fly out, F6 (Popup, 4MD, EV 51.3 MPH)
|
| Top of the 2nd over - 0 runs, 0 hits, 0 errors, 0 left on base; Akron 0 - Portland 0 |
| BOTTOM OF THE 2ND |
|
Portland Sea Dogs batting - Pitching for Akron RubberDucks : RHP Josh Holloway
|
|
Batting: LHB Parker Lowe
|
0-0: Called Strike 0-1: Ball 1-1: Called Strike 1-2: Strikes out looking
|
|
Batting: LHB John Bailey
|
0-0: Ball 1-0: Swinging Strike 1-1: Swinging Strike 1-2: Fly out, F8 (Flyball, 8RD, EV 101.3 MPH)
|
|
Batting: RHB Nate Dickinson
|
0-0: Foul Ball, location: 2F 0-1: Swinging Strike 0-2: Foul Ball, location: 2F 0-2: Ball 1-2: Ground out 1-3 (Groundball, 13S, EV 75.6 MPH)
|
| Bottom of the 2nd over - 0 runs, 0 hits, 0 errors, 0 left on base; Akron 0 - Portland 0 |
| TOP OF THE 3RD |
|
Akron RubberDucks batting - Pitching for Portland Sea Dogs : RHP Jon Mercado
|
|
Batting: RHB Reynaldo Herrera
|
0-0: Ball 1-0: Called Strike 1-1: Ground out 6-3 (Groundball, 6M, EV 101.3 MPH)
|
|
Batting: RHB Edwin Rivera
|
0-0: Ball 1-0: Ball 2-0: Ground out 6-3 (Groundball, 6MS, EV 86.3 MPH)
|
|
Batting: RHB Michael Meyers
|
0-0: Called Strike 0-1: Ball 1-1: Ball 2-1: Foul Ball, location: 2F 2-2: Strikes out swinging
|
| Top of the 3rd over - 0 runs, 0 hits, 0 errors, 0 left on base; Akron 0 - Portland 0 |
| BOTTOM OF THE 3RD |
|
Portland Sea Dogs batting - Pitching for Akron RubberDucks : RHP Josh Holloway
|
|
Batting: LHB Dave Reyes
|
0-0: Ball 1-0: Ball 2-0: Foul Ball, location: 2F 2-1: Ball 3-1: DOUBLE (Line Drive, 78D, EV 104.4 MPH)
|
|
Batting: RHB Joe Evrard
|
0-0: Ball 1-0: Foul Ball, location: 2F 1-1: Swinging Strike 1-2: Foul Ball, location: 2F 1-2: Ball 2-2: Strikes out swinging, 2-3 out at first.
|
|
Batting: LHB Arcot Ramathorn
|
0-0: Ground out U3 (Groundball, 3, EV 87.5 MPH) Dave Reyes to third
|
|
Batting: LHB Julian Toney
|
0-0: Ball 1-0: Called Strike 1-1: Called Strike 1-2: Ground out U3 (Groundball, 34S, EV 84.4 MPH)
|
| Bottom of the 3rd over - 0 runs, 1 hit, 0 errors, 1 left on base; Akron 0 - Portland 0 |
| TOP OF THE 4TH |
|
Akron RubberDucks batting - Pitching for Portland Sea Dogs : RHP Jon Mercado
|
|
Batting: LHB Nick Welling
|
0-0: Called Strike 0-1: Called Strike 0-2: SINGLE (Groundball, 6MS, EV 71.3 MPH) (infield hit)
|
|
Batting: RHB Hieronim Rutkowski
|
0-0: Ball 1-0: Ball 2-0: Called Strike 2-1: DOUBLE (Line Drive, 9LM, EV 86.9 MPH) Nick Welling to third
|
|
Batting: RHB Mike Plugge
|
0-0: Foul Ball, location: 2F 0-1: Ball 1-1: Called Strike 1-2: Ball 2-2: Ball 3-2: Foul Ball, location: 2F 3-2: Foul Ball, location: 2F 3-2: Strikes out swinging
|
|
Batting: RHB Greg Harden
|
0-0: Ball 1-0: Called Strike 1-1: Ball 2-1: Foul Ball, location: 2F 2-2: Foul Ball, location: 2F 2-2: Ball 3-2: DOUBLE (Flyball, 89D, EV 93.8 MPH) Nick Welling scores Hieronim Rutkowski scores
|
|
Batting: RHB Harris Leroux
|
0-0: Called Strike 0-1: Ball 1-1: Fly out, F9 (Flyball, 9S, EV 73.1 MPH)
|
|
Batting: LHB Corey Trevor
|
0-0: SINGLE (Groundball, 34D, EV 104.4 MPH) Greg Harden to third Runner from 3rd tries for Home, SAFE, throw by RF to home
|
|
Batting: RHB Reynaldo Herrera
|
0-0: Ball 1-0: Called Strike 1-1: Foul Ball, location: 2F 1-2: Foul Ball, location: 2F 1-2: Ball 2-2: Strikes out swinging
|
| Top of the 4th over - 3 runs, 4 hits, 0 errors, 1 left on base; Akron 3 - Portland 0 |
| BOTTOM OF THE 4TH |
|
Portland Sea Dogs batting - Pitching for Akron RubberDucks : RHP Josh Holloway
|
|
Batting: LHB Brent Albertson
|
0-0: Foul Ball, location: 2F 0-1: SINGLE (Flyball, 8LS, EV 93.1 MPH)
|
|
Batting: RHB Carlos Nolasco
|
0-0: Ball 1-0: DOUBLE (Flyball, 8RXD, EV 100.0 MPH) Brent Albertson to third
|
|
Batting: LHB Parker Lowe
|
0-0: Ball 1-0: Ball 2-0: Swinging Strike 2-1: Foul Ball, location: 2F 2-2: Ball 3-2: Ground out U3 (Groundball, 34, EV 77.5 MPH) Brent Albertson scores Carlos Nolasco to third
|
|
Batting: LHB John Bailey
|
0-0: Ball 1-0: Called Strike 1-1: Reached on error, E5 (Groundball, 5, EV 85.0 MPH) Carlos Nolasco scores
|
|
Batting: RHB Nate Dickinson
|
0-0: Called Strike 0-1: Ball 1-1: Called Strike 1-2: Fly out, F5 (Line Drive, 5, EV 61.3 MPH)
|
|
Batting: LHB Dave Reyes
|
0-0: Called Strike 0-1: Ball 1-1: Ball 2-1: Ball 3-1: Base on Balls John Bailey to second
|
|
Batting: RHB Joe Evrard
|
0-0: Reached on error, E4 (Groundball, 34, EV 97.5 MPH) John Bailey to third Dave Reyes to second
|
|
Batting: LHB Arcot Ramathorn
|
0-0: Ball 1-0: Ball 2-0: Ball 3-0: Called Strike 3-1: Base on Balls John Bailey scores Dave Reyes to third Joe Evrard to second
|
|
Batting: LHB Julian Toney
|
0-0: Ball 1-0: Foul Ball, location: 2F 1-1: Ball 2-1: DOUBLE (Flyball, 89D, EV 90.0 MPH) Dave Reyes scores Joe Evrard scores Arcot Ramathorn to third
|
|
Pitching: RHP Chris Anderson
|
|
|
Batting: LHB Brent Albertson
|
0-0: Swinging Strike 0-1: Swinging Strike 0-2: Foul Ball, location: 2F 0-2: Strikes out looking
|
| Bottom of the 4th over - 5 runs, 3 hits, 2 errors, 2 left on base; Akron 3 - Portland 5 |
| TOP OF THE 5TH |
|
Akron RubberDucks batting - Pitching for Portland Sea Dogs : RHP Jon Mercado
|
|
Batting: RHB Edwin Rivera
|
0-0: Called Strike 0-1: Ground out 5-3 (Groundball, 56S, EV 86.3 MPH)
|
|
Batting: RHB Michael Meyers
|
0-0: Ball 1-0: Foul Ball, location: 2F 1-1: Swinging Strike 1-2: Strikes out swinging
|
|
Batting: LHB Nick Welling
|
0-0: Ball 1-0: Foul Ball, location: 2F 1-1: Ball 2-1: Foul Ball, location: 2F 2-2: Ball 3-2: Fly out, F7 (Flyball, 7, EV 76.9 MPH)
|
| Top of the 5th over - 0 runs, 0 hits, 0 errors, 0 left on base; Akron 3 - Portland 5 |
| BOTTOM OF THE 5TH |
|
Portland Sea Dogs batting - Pitching for Akron RubberDucks : RHP Chris Anderson
|
|
Batting: RHB Carlos Nolasco
|
0-0: Swinging Strike 0-1: Swinging Strike 0-2: Foul Ball, location: 2F 0-2: Strikes out swinging
|
|
Batting: LHB Parker Lowe
|
0-0: Called Strike 0-1: Ball 1-1: Swinging Strike 1-2: Ball 2-2: Ball 3-2: Foul Ball, location: 2F 3-2: Fly out, F9 (Flyball, 9LS, EV 85.0 MPH)
|
|
Batting: LHB John Bailey
|
0-0: Ball 1-0: Foul Ball, location: 2F 1-1: Foul Ball, location: 2F 1-2: Strikes out swinging
|
| Bottom of the 5th over - 0 runs, 0 hits, 0 errors, 0 left on base; Akron 3 - Portland 5 |
| TOP OF THE 6TH |
|
Akron RubberDucks batting - Pitching for Portland Sea Dogs : RHP Jon Mercado
|
|
Batting: RHB Hieronim Rutkowski
|
0-0: Ball 1-0: Ball 2-0: Called Strike 2-1: Ball 3-1: Foul Ball, location: 2F 3-2: Ground out 6-3 (Groundball, 6D, EV 90.6 MPH)
|
|
Batting: RHB Mike Plugge
|
0-0: Fly out, F8 (Flyball, 8LXD, EV 96.9 MPH)
|
|
Pitching: LHP Josh Taylor
|
|
|
Batting: RHB Greg Harden
|
0-0: Ground out 5-3 (Groundball, 56, EV 88.8 MPH)
|
| Top of the 6th over - 0 runs, 0 hits, 0 errors, 0 left on base; Akron 3 - Portland 5 |
| BOTTOM OF THE 6TH |
|
Portland Sea Dogs batting - Pitching for Akron RubberDucks : RHP Chris Anderson
|
|
Batting: RHB Nate Dickinson
|
0-0: Ball 1-0: Ball 2-0: Called Strike 2-1: Ground out 6-3 (Groundball, 6, EV 93.8 MPH)
|
|
Batting: LHB Dave Reyes
|
0-0: Ball 1-0: Ball 2-0: Called Strike 2-1: Ball 3-1: Base on Balls
|
|
Batting: RHB Joe Evrard
|
0-0: Ball Dave Reyes steals 2nd base (no throw) 1-0: Foul Ball, location: 2F 1-1: Ball 2-1: Foul Ball, location: 2F 2-2: Ball 3-2: Fly out, F8 (Flyball, 8LD, EV 99.4 MPH)
|
|
Batting: LHB Arcot Ramathorn
|
0-0: Called Strike 0-1: Ground out 4-3 (Groundball, 34, EV 84.4 MPH)
|
| Bottom of the 6th over - 0 runs, 0 hits, 0 errors, 1 left on base; Akron 3 - Portland 5 |
| TOP OF THE 7TH |
|
Akron RubberDucks batting - Pitching for Portland Sea Dogs : LHP Josh Taylor
|
|
Batting: RHB Harris Leroux
|
0-0: Ground out 5-3 (Groundball, 5, EV 88.1 MPH)
|
|
Batting: LHB Corey Trevor
|
0-0: Ball 1-0: Ball 2-0: Fly out, F8 (Flyball, 8LS, EV 81.9 MPH)
|
|
Batting: RHB Reynaldo Herrera
|
0-0: Called Strike 0-1: Swinging Strike 0-2: Ball 1-2: Foul Ball, location: 2F 1-2: Strikes out swinging
|
| Top of the 7th over - 0 runs, 0 hits, 0 errors, 0 left on base; Akron 3 - Portland 5 |
| BOTTOM OF THE 7TH |
|
Portland Sea Dogs batting - Pitching for Akron RubberDucks : RHP Chris Anderson
|
|
Pitching: LHP Terry LaPlante
|
|
|
Batting: LHB Julian Toney
|
0-0: Ball 1-0: Fly out, F8 (Flyball, 8LD, EV 76.3 MPH)
|
|
Batting: LHB Brent Albertson
|
0-0: Called Strike 0-1: SINGLE (Groundball, 4MS, EV 70.0 MPH) (infield hit)
|
|
Batting: RHB Carlos Nolasco
|
0-0: Ball 1-0: SINGLE (Groundball, 56D, EV 103.1 MPH) Brent Albertson to second
|
|
Batting: LHB Parker Lowe
|
0-0: Called Strike 0-1: Fly out, F8 (Flyball, 8RM, EV 90.6 MPH)
|
|
Batting: LHB John Bailey
|
0-0: Ball 1-0: Ball 2-0: Called Strike 2-1: Foul Ball, location: 2F 2-2: Foul Ball, location: 2F 2-2: Strikes out swinging
|
| Bottom of the 7th over - 0 runs, 2 hits, 0 errors, 2 left on base; Akron 3 - Portland 5 |
| TOP OF THE 8TH |
|
Akron RubberDucks batting - Pitching for Portland Sea Dogs : LHP Josh Taylor
|
|
Batting: RHB Edwin Rivera
|
0-0: Called Strike 0-1: Ball 1-1: Ground out 1-3 (Groundball, 34S, EV 68.1 MPH)
|
|
Batting: RHB Michael Meyers
|
0-0: Called Strike 0-1: Called Strike 0-2: Foul Ball, location: 2F 0-2: Ball 1-2: Strikes out looking
|
|
Batting: LHB Nick Welling
|
0-0: Ball 1-0: Ground out 5-3 (Groundball, 6, EV 104.4 MPH)
|
| Top of the 8th over - 0 runs, 0 hits, 0 errors, 0 left on base; Akron 3 - Portland 5 |
| BOTTOM OF THE 8TH |
|
Portland Sea Dogs batting - Pitching for Akron RubberDucks : LHP Terry LaPlante
|
|
Batting: RHB Nate Dickinson
|
0-0: Ball 1-0: Ball 2-0: Ball 3-0: Called Strike 3-1: Base on Balls
|
|
Batting: LHB Dave Reyes
|
0-0: Ball 1-0: Called Strike 1-1: Sac Bunt to 13 - play at first, batter OUT! 1-3 Nate Dickinson to second
|
|
Batting: RHB Joe Evrard
|
0-0: Intentional Walk
|
|
Batting: LHB Arcot Ramathorn
|
0-0: Called Strike 0-1: Swinging Strike 0-2: Strikes out swinging
|
|
Batting: LHB Julian Toney
|
0-0: Ground out 4-3 (Groundball, 4D, EV 99.4 MPH)
|
| Bottom of the 8th over - 0 runs, 0 hits, 0 errors, 2 left on base; Akron 3 - Portland 5 |
| TOP OF THE 9TH |
|
Akron RubberDucks batting - Pitching for Portland Sea Dogs : LHP Josh Taylor
|
|
Pitching: RHP Michael Vazquez
|
|
|
Batting: RHB Hieronim Rutkowski
|
0-0: Ball 1-0: Called Strike 1-1: Foul Ball, location: 2F 1-2: Strikes out swinging
|
|
Batting: RHB Mike Plugge
|
0-0: Ball 1-0: Swinging Strike 1-1: Ball 2-1: Swinging Strike 2-2: Foul Ball, location: 2F 2-2: Foul Ball, location: 2F 2-2: Foul Ball, location: 2F 2-2: Foul Ball, location: 2F 2-2: Ball 3-2: Foul Ball, location: 2F 3-2: Foul Ball, location: 2F 3-2: Foul Ball, location: 2F 3-2: Base on Balls
|
|
Batting: RHB Greg Harden
|
0-0: Ball 1-0: Grounds into double play, 5-4-3 (Groundball, 56S, EV 87.5 MPH)
|
| Top of the 9th over - 0 runs, 0 hits, 0 errors, 0 left on base; Akron 3 - Portland 5 |
|